 Dungeon Crawl Stone Soup version 0.22-a0-362-g535178c (webtiles) character file.

263 Kikal the Scratcher (level 5, -3/22 HPs)
             Began as a Felid Transmuter on Apr 19, 2018.
             Slain by an orc
             ... wielding a +0 hand axe
              (7 damage)
             ... on level 4 of the Dungeon.
             The game lasted 00:13:35 (6235 turns).

Kikal the Scratcher (Felid Transmuter)              Turns: 6235, Time: 00:13:36

Health: -3/22      AC:  1    Str:  6    XL:     5   Next: 98%
Magic:  10/10      EV: 18    Int: 15    God:
Gold:   264        SH:  0    Dex: 17    Spells: 4/10 levels left
                                        Lives:  0   Deaths: 1

rFire    . . .     SeeInvis +     - Unarmed
rCold    . . .     Gourm    .   (shield unavailable)
rNeg     . . .     Faith    .   (armour unavailable)
rPois    .         Spirit   .   (helmet unavailable)
rElec    .         Reflect  .   (cloak unavailable)
rCorr    .         Harm     .   (gloves unavailable)
MR       .....                  (boots unavailable)
Stlth    ++........             (no amulet)
HPRegen  0.07/turn              (no ring)
MPRegen  0.12/turn              (no ring)

@: quick
A: very small, no armour, no weapons or thrown items, stealth, claws 1, fangs 3,
see invisible, carnivore, speed 1, shaggy fur 1, slow metabolism 1, sharp paws
a: no special abilities


You were on level 4 of the Dungeon.
You were completely stuffed.

You visited 1 branch of the dungeon, and saw 4 of its levels.

You collected 264 gold pieces.

Inventory:

Missiles
 a - 55 arrows
Jewellery
 k - a +3 amulet of reflection {unknown}
Scrolls
 b - 5 scrolls of identify {unknown}
 d - 4 scrolls of teleportation {unknown}
 f - a scroll of fear {unknown}
 g - 3 scrolls of enchant armour {unknown}
 j - a scroll of amnesia {unknown}
 l - a scroll of remove curse {unknown}
 p - 4 scrolls of fog {unknown}
Potions
 e - 2 potions of curing
 h - a potion of degeneration {unknown}
 i - a potion of flight {unknown}
 m - a potion of haste {unknown}
 n - a potion of invisibility {unknown}
 q - a potion of agility {unknown}
Comestibles
 c - 8 rations


   Skills:
 - Level 1.0 Fighting
 - Level 2.6 Dodging
 + Level 4.8 Unarmed Combat
 - Level 3.0 Spellcasting
 + Level 4.6 Transmutations
 + Level 2.5 Poison Magic


You had 4 spell levels left.
You knew the following spells:

 Your Spells              Type           Power        Failure   Level  Hunger
a - Beastly Appendage     Tmut           ###...       3%          1    #......
b - Sticks to Snakes      Tmut           ###.....     4%          2    ##.....
c - Spider Form           Tmut/Pois      ##........   14%         3    ###....


Dungeon Overview and Level Annotations

Branches:
Dungeon (4/15)
 Temple: D:4-7

Altars:
Fedhas
Sif Muna

Annotations:
D:2 exclusion: adder


Innate Abilities, Weirdness & Mutations

You cannot wear armour.
You are incapable of wielding weapons or throwing items.
Your paws allow you to move quietly. (Stealth)
You have sharp claws.
You have razor-sharp teeth.
You have supernaturally acute eyesight. (SInv)
You are carnivorous and can eat meat at any time.
You cover ground quickly.
You are covered in fur. (AC +1)
You have a slow metabolism.
Your sharp claws are effective at attacking unaware monsters.


Message History

You barely miss the orc wizard. The orc wizard hits you with a dagger.
The orc misses you.
You take 4 damage, and have 10/22 hp.
You are too injured to fight recklessly!
You are too injured to fight recklessly!
You scratch the orc wizard but do no damage.
Your headbutt misses the orc wizard. The orc wizard completely misses you.
The orc hits you with a hand axe.
* * * LOW HITPOINT WARNING * * *
You take 4 damage, and have 6/22 hp.
You scratch the orc wizard but do no damage.
You claw the orc wizard, but do no damage.
Your horns disappear.
The orc wizard hits you with a dagger.
* * * LOW HITPOINT WARNING * * *
You take 2 damage, and have 4/22 hp.
You scratch the orc wizard.
You kill the orc wizard!
The orc hits you with a hand axe!
You die...

#.#######># #.#
#####.## #.# #.#
#......# #.# #<#
#......#
#.######.#
#......#
#........#
####......#
##########
..........########
.....###.....).)(#
.....# #########@#
.....# #o# .....#
#.# ##...# #.#
##...### #.#
.......# #.#
.......# #.#
.......# ..#
.......#


You could see an orc.

Vanquished Creatures
  An ogre (D:4)
  An orc priest (D:4)
  A hound (D:4)
  2 orc wizards
  An iguana (D:4)
  A howler monkey skeleton (D:4)
  4 adders
  An ooze (D:1)
  An adder skeleton (D:4)
  3 worms (D:2)
  A dart slug (D:1)
  2 leopard geckos
  13 orcs
  2 giant cockroaches
  7 goblins
  8 hobgoblins
  6 jackals
  2 quokkas
  3 ball pythons
  2 bats (D:1)
  5 frilled lizards
  8 kobolds
  5 rats
80 creatures vanquished.

Vanquished Creatures (collateral kills)
  2 adders (D:2)
  A leopard gecko (D:1)
3 creatures vanquished.

Grand Total: 83 creatures vanquished

Notes
Turn   | Place    | Note
-------+----------+-------------------------------------------
     0 | D:1      | Kikal the Felid Transmuter began the quest for the Orb.
     0 | D:1      | Reached XP level 1. HP: 9/9 MP: 4/4
   430 | D:1      | Reached XP level 2. HP: 7/12 MP: 4/6
   434 | D:1      | Learned a level 2 spell: Sticks to Snakes
  1295 | D:2      | Reached XP level 3. HP: 2/15 MP: 1/7
  2023 | D:2      | Learned a level 3 spell: Spider Form
  2200 | D:2      | Reached XP level 4. HP: 16/19 MP: 5/9
  5234 | D:3      | Reached skill level 1 in Poison Magic
  5289 | D:3      | Reached XP level 5. HP: 12/22 MP: 10/10
  5811 | D:4      | Noticed an ogre
  5867 | D:4      | Annihilated by an ogre
  5868 | D:4      | Reached XP level 4. HP: -22/19 MP: 9/9
  5870 | D:4      | Reached XP level 5. HP: 22/22 MP: 10/10
  5873 | D:4      | Killed an ogre
  5983 | D:4      | Found a deep blue altar of Sif Muna.
  5983 | D:4      | Found a blossoming altar of Fedhas.
  6235 | D:4      | Slain by an orc

Vault maps used:
D:1:      minmay_arrival_four_houses
D:4:      gammafunk_temple_overflow_pools, first_ration

Skill      XL: |  1  2  3  4  5 |
---------------+----------------+-----
Transmutations | 3 4 |  4.6
Spellcasting   | 3 |  3.0
Poison Magic   | 2 |  2.5
Unarmed Combat | 4 |  4.8
Fighting       | |  1.0
Dodging        | |  2.6

Action                   |  1- 3 |  4- 6 || total
-------------------------+-------+-------++-------
Melee: Unarmed           |   105 |   186 ||   291
       Headbutt          |    11 |    15 ||    26
       Bite              |     7 |    10 ||    17
       Punch             |     3 |     3 ||     6
 Cast: Beastly Appendage |    21 |    21 ||    42
       Sticks to Snakes  |     6 |       ||     6
       Spider Form       |       |     3 ||     3
  Use: Potion            |     2 |       ||     2
 Stab: Sleeping          |     5 |     1 ||     6
  Eat: Chunk             |    11 |    13 ||    24
Armor: Skin              |     5 |     3 ||     8
Dodge: Dodged            |    77 |   136 ||   213

Table legend:
 A = Spawn XP
 B = Non-spawn XP
 C = Spawn XP percentage of total XP
 D = Spawn monster count
 E = Non-spawn monster count
 F = Spawn count percentage of total count
 G = Total turns spent on level
                    A         B        C        D         E        F      G
               +---------+---------+-------+---------+---------+-------+---------
         Total |       0 |     551 |   0.0 |       0 |      83 |   0.0 |  6235
               +---------+---------+-------+---------+---------+-------+---------
           D:1 |       0 |      33 |   0.0 |       0 |      18 |   0.0 |  1235
           D:2 |       0 |      73 |   0.0 |       0 |      19 |   0.0 |  1937
           D:3 |       0 |     110 |   0.0 |       0 |      29 |   0.0 |  2286
           D:4 |       0 |     335 |   0.0 |       0 |      17 |   0.0 |   777
               +---------+---------+-------+---------+---------+-------+---------
